 Dungeon Crawl Stone Soup version 0.28.0-45-g0d030f2227 (webtiles) character file.

Game seed: 15046134620831174551

218 McKennaii the Skirmisher (level 5, -9/42 HPs)
             Began as a Demonspawn Fighter on Apr 7, 2022.
             Killed from afar by an orc wizard (11 damage)
             ... with a magic dart
             ... on level 4 of the Dungeon.
             The game lasted 00:01:51 (3142 turns).

McKennaii the Skirmisher (Demonspawn Fighter)       Turns: 3142, Time: 00:01:51

Health: -9/42      AC:  6    Str: 19    XL:     5   Next: 63%
Magic:  5/5        EV: 12    Int:  9    God:
Gold:   196        SH:  4    Dex: 12    Spells: 4/4 levels left

rFire   . . .      SeeInvis .   a - +0 trident
rCold   . . .      Faith    .   c - +0 buckler
rNeg    . . .      Spirit   .   b - +0 scale mail
rPois   .          Reflect  .   (helmet restricted)
rElec   .          Harm     .   (no cloak)
rCorr   .          Rampage  .   (no gloves)
Will    .....                   (no boots)
Stlth   ..........              (no amulet)
HPRegen 0.14/turn               (no ring)
MPRegen 0.09/turn               (no ring)

@: no status effects
A: horns 1, repulsion field 2
a: no special abilities


You were on level 4 of the Dungeon.
You visited 1 branch of the dungeon, and saw 4 of its levels.

You collected 196 gold pieces.

Inventory:

Hand Weapons
 a - a +0 trident (weapon)
Armour
 b - a +0 scale mail (worn)
 c - a +0 buckler (worn)
Scrolls
 f - 2 scrolls of fog {unknown}
 h - a scroll of holy word {unknown}
 i - a scroll of immolation {unknown}
 k - a scroll of blinking {unknown}
 l - a scroll of fear {unknown}
 n - a scroll of magic mapping {unknown}
 o - 2 scrolls of identify {unknown}
 q - a scroll of teleportation {unknown}
Potions
 d - 2 potions of might
 e - a potion of ambrosia {unknown}
 g - a potion of heal wounds {unknown}
 j - a potion of magic {unknown}
 m - a potion of lignification {unknown}
 r - a potion of attraction {unknown}


   Skills:
 + Level 4.1 Fighting
 + Level 3.1 Polearms
 + Level 3.6 Armour
 + Level 3.7 Shields


You had 4 spell levels left.
You didn't know any spells.
Your spell library contained the following spells:

 Spells                   Type           Power      Damage    Failure   Level
 Shock                    Conj/Air       0%         1d3       83%         1
 Swiftness                Air            0%         N/A       99%         3
 Airstrike                Air            0%         N/A       100%        4


Dungeon Overview and Level Annotations

Branches:
Dungeon (4/15)
 Temple: D:4-7

Altars:

Shops:
D:1 *


Innate Abilities, Weirdness & Mutations

You have a pair of small horns on your head.
You are surrounded by a moderate repulsion field. (EV +3)


Message History

The necrophage hits you but does no damage.
You hit the necrophage.
The necrophage is almost destroyed.
The necrophage closely misses you.
You hit the necrophage.
The necrophage is almost destroyed.
The necrophage hits you.
You feel drained.
The necrophage hits you but does no damage.
You barely miss the necrophage. Your headbutt misses the necrophage.
The necrophage is almost destroyed.
The necrophage closely misses you.
You hit the necrophage.
You destroy the necrophage!
Your life force feels restored.
Your Fighting skill increases to level 4!
Your Polearms skill increases to level 3!
You have reached level 5!
You hit the orc. You headbutt the orc.
The orc is severely wounded.
The orc barely misses you. The orc hits you but does no damage.
You puncture the orc!
You kill the orc!
The orc hits you from afar with a +0 trident.
* * * LOW HITPOINT WARNING * * *
Deactivating autopickup; reactivate with Ctrl-A.
You barely miss something.
An orc wizard appears from thin air!
Reactivating autopickup.
The orc wizard barely misses you. The orc closely misses you.
You closely miss the orc wizard.
The orc wizard hits you but does no damage.
The orc closely misses you.
The orc wizard hits you with a +0 dagger of holy wrath.
* * * LOW HITPOINT WARNING * * *
You convulse.
* * * LOW HITPOINT WARNING * * *
You barely miss the orc wizard. Your headbutt misses the orc wizard.
The orc hits you but does no damage. The orc wizard casts a spell at you.
The magic dart hits you!
You die...

### #. ..# .... #.#
.....###.#
.........########
........."o@....#
.....####o##.##.#
....... #.##.# .# .....
#.##.##.## # #...
..##.#...## #.#..
####.....># #.#..##
#......# ##......
#......#
#.##...##########.#...##


You could see an orc wizard and an orc.

Vanquished Creatures
  A necrophage (D:4)
  An orc wizard (D:4)
  5 adders
  A worm (D:4)
  2 orcs
  4 endoplasms
  6 hobgoblins
  4 kobolds
  6 quokkas
  4 ball pythons
  9 bats
  2 frilled lizards (D:1)
  2 rats
47 creatures vanquished.

Vanquished Creatures (others)
  An orc wizard (D:4)
1 creature vanquished.

Grand Total: 48 creatures vanquished

Notes
Turn   | Place    | Note
-------+----------+-------------------------------------------
     0 | D:1      | McKennaii the Demonspawn Fighter began the quest for the
                  | Orb.
     0 | D:1      | Reached XP level 1. HP: 18/18 MP: 1/1
   378 | D:1      | Found Ekhlokisa's Assorted Antiques.
   504 | D:1      | Gained mutation: You have a pair of small horns on your
                  | head. [demonic ancestry]
   504 | D:1      | Reached XP level 2. HP: 13/24 MP: 2/2
  1146 | D:2      | Found a faded altar of an unknown god.
  1188 | D:2      | Gained mutation: You are surrounded by a mild repulsion
                  | field. (EV +2) [demonic ancestry]
  1188 | D:2      | Reached XP level 3. HP: 14/29 MP: 3/3
  2611 | D:3      | Gained mutation: You are surrounded by a moderate repulsion
                  | field. (EV +3) [demonic ancestry]
  2611 | D:3      | Reached XP level 4. HP: 35/35 MP: 4/4
  3109 | D:4      | Noticed a necrophage
  3137 | D:4      | Killed a necrophage
  3138 | D:4      | Reached skill level 4 in Fighting
  3138 | D:4      | Reached XP level 5. HP: 13/42 MP: 5/5
  3141 | D:4      | HP: 2/42 [orc wizard/+0 dagger of holy wrath (3)]
  3142 | D:4      | Killed from afar by an orc wizard

Illustrated notes

Levels and vault maps discovered:
D:1:      amcnicky_arrival_wind_blow, layout_basic, serial_shops,
          nicolae_shop_overgrown_old_shop, minmay_misc_feat_alley,
          chequers_serial_rivers_micro_c, minmay_misc_feat_encased
D:2:      layout_basic, shapermc_ecumenical_altar_ellora
D:3:      layout_loops_ring, grunt_ministairs_9
D:4:      layout_loops_ring

Skill      XL: |  1  2  3  4 |
---------------+-------------+-----
Polearms       | 2 3 |  3.1
Armour         | 3 |  3.6
Shields        | 3 |  3.7
Fighting       | 4 |  4.1

Action                   |  1- 3 |  4- 6 || total
-------------------------+-------+-------++-------
Melee: Trident           |   118 |    62 ||   180
       Headbutt          |     2 |     6 ||     8
Armor: Scale mail        |    36 |    17 ||    53
Dodge: Dodged            |    42 |    27 ||    69
Block: Buckler           |    26 |    12 ||    38
